 Dungeon Crawl Stone Soup version 0.19-a0-1091-g463c9de (webtiles) character file.

227 mistymad the Sneak (level 6, 0/49 (53) HPs)
             Began as a Ghoul Monk on Aug 7, 2016.
             Slain by Crazy Yiuf
             ... wielding a +4 quarterstaff of chaos
              (3 damage)
             ... on level 1 of the Dungeon.
             The game lasted 00:08:20 (3393 turns).

mistymad the Sneak (Ghoul Monk)                     Turns: 3393, Time: 00:08:21

HP:   0/49 (53)     AC:  9    Str: 17    XL:     6   Next: 2%
MP:   5/5           EV:  8    Int:  5    God:
Gold: 78            SH:  0    Dex: 11    Spells: 0 memorised, 5 levels left

rFire  . . .     SeeInvis .     a - +0 mace
rCold  + . .     Gourm    .     o - +0 chain mail
rNeg   + + +     Faith    .     (no shield)
rPois  ∞         Spirit   .     (no helmet)
rElec  .         Dismiss  .     (no cloak)
rCorr  .         Reflect  .     f - +0 pair of gloves
SustAt .         Harm     .     (no boots)
MR     .....                    (no amulet)
Stlth  ..........               (no ring)
                                (no ring)

@: rotting
A: rotting body, claws 1, carnivore 3, cold resistance 1, negative energy
resistance 3, slow regeneration 1, torment resistance, unbreathing
a: no special abilities


You were on level 1 of the Dungeon.
You were not hungry.

You visited 1 branch of the dungeon, and saw 3 of its levels.

You collected 78 gold pieces.

Inventory:

Hand Weapons
 a - a +0 mace (weapon)
Armour
 f - a +0 pair of gloves (worn)
 o - a +0 chain mail (worn)
Scrolls
 e - a scroll of teleportation {unknown}
 g - 2 scrolls of noise {unknown}
 i - 2 scrolls of fear {unknown}
 j - 2 scrolls of enchant armour {unknown}
 k - a scroll of remove curse {unknown}
Potions
 b - a potion of cancellation {unknown}
 l - a potion of flight {unknown}
 n - a potion of haste
Comestibles
 c - 2 meat rations
 m - a royal jelly


   Skills:
 + Level 4.3 Fighting
 + Level 3.6 Maces & Flails
 + Level 1.4 Armour
 - Level 3.2 Dodging
 + Level 4.4 Stealth


You had 5 spell levels left.
You didn't know any spells.

Dungeon Overview and Level Annotations

Branches:
Dungeon (3/15)

Altars:
Hepliaklqana

Annotations:
D:1 Crazy Yiuf
D:3 Grinder


Innate Abilities, Weirdness & Mutations

Your body is rotting away.
You thrive on raw meat.
You are immune to poison.
You have sharp fingernails.
You are carnivorous and can eat meat at any time.
Your flesh is cold resistant. (rC+)
You are immune to negative energy. (rN+++)
You regenerate slowly when monsters are visible.
You are immune to unholy pain and torment.
You can survive without breathing.


Message History

You sock Crazy Yiuf!
Crazy Yiuf is severely wounded.
Crazy Yiuf hits you with a quarterstaff of chaos! x2
You take 15 damage, and have 30/49 hp.
MASSIVE DAMAGE!!
You hit Crazy Yiuf.
Crazy Yiuf is almost dead.
Crazy Yiuf hits you with a quarterstaff of chaos!
You take 13 damage, and have 17/49 hp.
MASSIVE DAMAGE!!
You hit Crazy Yiuf but do no damage.
Crazy Yiuf is almost dead.
Crazy Yiuf hits you with a quarterstaff of chaos.
* * * LOW HITPOINT WARNING * * *
Crazy Yiuf freezes you.
* * * LOW HITPOINT WARNING * * *
You take 6 damage, and have 11/49 hp.
You hit Crazy Yiuf but do no damage.
Crazy Yiuf is almost dead.
Crazy Yiuf hits you with a quarterstaff of chaos!
* * * LOW HITPOINT WARNING * * *
You die...

#.+....+..(.#######
###.++'+++.#..#
...........#..#
....###.......# ....#
##......# ...##
#.(....######
...#####......##...#
...............#g#.#
...............#@#.#
####
...........#...#.#.#
#..#
...............#.#.#
####.##
......######..##.#.#
#....# #.#####
#..##.#.########.####
#.#
#.>............#.#
..#
#.###.##.#####.#.#
.##
#....(##.#.###.#.# .#
#.....##.#.....#.#


You could see Crazy Yiuf.

Vanquished Creatures
  A hound (D:3)
  Natasha (twice) (D:2)
  Terence (D:2)
  A gnoll (D:1)
  5 adders
  4 worms
  2 dart slugs (D:1)
  4 giant geckos
  3 orcs (D:3)
  2 giant cockroaches (D:1)
  3 hobgoblins (D:2)
  4 jackals (D:2)
  7 kobolds
  5 bats
  2 giant newts
  5 goblins
  4 rats
55 creatures vanquished.

Notes
Turn   | Place    | Note
-------+----------+-------------------------------------------
     0 | D:1      | mistymad the Ghoul Monk began the quest for the Orb.
     0 | D:1      | Reached XP level 1. HP: 19/19 MP: 0/0
   381 | D:1      | Reached XP level 2. HP: 26/26 MP: 1/1
   511 | D:1      | Reached XP level 3. HP: 25/31 MP: 2/2
  1097 | D:2      | Noticed Terence
  1112 | D:2      | Killed Terence
  1112 | D:2      | Reached XP level 4. HP: 16/40 MP: 3/3
  1116 | D:2      | Noticed Natasha
  1430 | D:2      | Killed Natasha
  1546 | D:2      | Reached XP level 5. HP: 42/46 MP: 4/4
  1583 | D:2      | Noticed Natasha
  1603 | D:2      | Killed Natasha
  1925 | D:2      | Found a runed door.
  1929 | D:2      | Noticed Crazy Yiuf
  2158 | D:3      | Noticed Grinder
  2163 | D:3      | Paralysed by Grinder for 6 turns
  2201 | D:3      | Reached skill level 1 in Armour
  2280 | D:1      | HP: 2/47 [adder (1)]
  2554 | D:2      | Found a hazy altar of Hepliaklqana.
  2818 | D:3      | Reached XP level 6. HP: 43/52 MP: 5/5
  2827 | D:3      | Paralysed by Grinder for 2 turns
  2834 | D:3      | Paralysed by Grinder for 3 turns
  2839 | D:3      | Paralysed by Grinder for 5 turns
  2861 | D:3      | Paralysed by Grinder for 3 turns
  2869 | D:3      | Paralysed by Grinder for 7 turns
  3393 | D:1      | Slain by Crazy Yiuf

Vault maps used:
D:1:      lightli_arrival_maybe_door_vault
D:2:      lemuel_coloured_pillars_altar, first_bread, uniq_natasha,
          uniq_crazy_yiuf_cottage, uniq_terence
D:3:      grunt_ministairs_9, okawaru_trees_2, uniq_grinder

Skill      XL: |  1  2  3  4  5 |
---------------+----------------+-----
Maces & Flails | 3 |  3.6
Dodging        | 3 |  3.2
Stealth        | 3 4 |  4.4
Fighting       | 4 |  4.3
Armour         | 1 |  1.4

Action                   |  1- 3 |  4- 6 || total
-------------------------+-------+-------++-------
Melee: Mace              |   105 |   260 ||   365
  Use: Potion            |       |     2 ||     2
  Eat: Chunk             |     6 |    18 ||    24
       Meat ration       |       |     1 ||     1
Armor: Robe              |     4 |       ||     4
       Ring mail         |    27 |    40 ||    67
       Chain mail        |       |   142 ||   142
Dodge: Dodged            |    77 |   164 ||   241
